 Dungeon Crawl Stone Soup version 0.29-a0-892-g2c4c91d9db (webtiles) character file.

Game seed: 983336025742601341

24256 reriks the Fighter (level 12, -2/110 HPs)
             Began as a Minotaur Fighter on July 23, 2022.
             Was an Elder of Qazlal.
             Killed from afar by a raiju (25 damage)
             ... with a living lightning
             ... on level 1 of the Abyss.
             The game lasted 00:16:47 (12941 turns).

reriks the Fighter (Minotaur Fighter)              Turns: 12941, Time: 00:16:47

Health: -2/110     AC: 16    Str: 24    XL:     12   Next: 79%
Magic:  17/17      EV: 13    Int:  5    God:    Qazlal [****..]
Gold:   339        SH: 16    Dex: 12    Spells: 11/11 levels left

rFire   . . .      SeeInvis .   H - +5 war axe (elec)
rCold   . . .      Faith    .   c - +0 buckler
rNeg    . . .      Spirit   .   b - +0 scale mail
rPois   .          Reflect  +   (helmet restricted)
rElec   .          Harm     .   g - +1 cloak
rCorr   +          Rampage  .   (no gloves)
Will    .....                   p - +0 pair of boots
Stlth   ..........              I - amulet of reflection
HPRegen 0.28/turn               j - ring of resist corrosion
MPRegen 0.15/turn               l - +4 ring of protection

@: repel missiles
A: horns 2, retaliatory headbutt
a: Renounce Religion, Upheaval, Elemental Force


You were on level 1 of the Abyss.
You worshipped Qazlal.
Qazlal was greatly pleased with you.
You visited 1 branch of the dungeon, and saw 11 of its levels.
You visited the Abyss 1 time.

You collected 792 gold pieces.
You spent 453 gold pieces at shops.

Inventory:

Hand Weapons
 a - a +0 war axe
 h - a +1 war axe
 G - a +0 vampiric hand axe
 H - a +5 war axe of electrocution (weapon)
Missiles
 t - 11 boomerangs (quivered)
 L - 5 silver javelins
Armour
 b - a +0 scale mail (worn)
 c - a +0 buckler (worn)
 g - a +1 cloak (worn)
 p - a +0 pair of boots (worn)
Jewellery
 j - a ring of resist corrosion (left hand)
 l - a +4 ring of protection (right hand)
 n - an amulet of the acrobat
 I - an amulet of reflection (around neck)
Wands
 r - a wand of digging (7)
 y - a wand of iceblast (6)
 C - a wand of flame (64)
Scrolls
 i - 3 scrolls of fear
 m - a scroll of silence
 o - 2 scrolls of magic mapping
 q - 4 scrolls of vulnerability
 s - a scroll of teleportation
 v - a scroll of fog
 w - 2 scrolls of poison
 J - a scroll of blinking
 M - a scroll of amnesia
Potions
 d - 3 potions of might
 e - a potion of mutation
 f - a potion of flight
 u - a potion of brilliance
 z - 2 potions of curing
 A - a potion of magic
 B - 2 potions of attraction
 D - a potion of ambrosia {unknown}
 E - 4 potions of lignification
 F - a potion of invisibility {unknown}
 K - 4 potions of resistance


   Skills:
 + Level 11.0 Fighting
 + Level 10.5 Axes
 + Level 10.9 Armour
 + Level 9.5 Dodging
 + Level 11.0 Shields
 + Level 8.3 Invocations


You had 11 spell levels left.
You didn't know any spells.
Your spell library contained the following spells:

 Spells                   Type           Power      Damage    Failure   Level
 Apportation              Tloc           0%         N/A       78%         1
 Magic Dart               Conj           0%         1d3       78%         1
 Necrotise                Necr           0%         1d4       78%         1
 Summon Small Mammal      Summ           0%         N/A       78%         1
 Searing Ray              Conj           0%         2d4       89%         2
 Sublimation of Blood     Necr           0%         N/A       89%         2
 Gell's Gravitas          Tloc           0%         N/A       98%         3
 Portal Projectile        Hex/Tloc       0%         N/A       98%         3
 Teleport Other           Tloc           0%         N/A       98%         3
 Tukima's Dance           Hex            0%         N/A       98%         3
 Corpse Rot               Necr/Pois/Air  0%         N/A       100%        4
 Dispel Undead            Necr           0%         3d6       100%        4
 Fulminant Prism          Conj/Hex       0%         3d6       100%        4
 Summon Lightning Spire   Summ/Air       0%         N/A       100%        4
 Blade Hands              Tmut           0%         N/A       100%        5
 Borgnjor's Vile Clutch   Necr/Erth      0%         N/A       100%        5
 Irradiate                Conj/Tmut      0%         3d11      100%        5
 Death Channel            Necr           0%         N/A       100%        6
 Dispersal                Tloc           0%         N/A       100%        6
 Dragon Form              Tmut           0%         N/A       100%        7
 Storm Form               Tmut/Air       0%         N/A       100%        7
 Maxwell's Capacitive Co  Air            0%         ∞         100%        8


Dungeon Overview and Level Annotations

Branches:
Dungeon (11/15)            Temple (0/1) D:6            Lair (0/5) D:9
    Orc (0/2) D:9

Altars:
Dithmenos
Fedhas
Gozag
Hepliaklqana
Nemelex Xobeh
Okawaru
Qazlal
Sif Muna
Trog
Uskayaw
Xom
Zin

Shops:
D:9 [*[=(

Annotations:
D:4 2 runed translucent doors, crescentfresh's ghost, amateur OpHW
D:11 Erolcha


Innate Abilities, Weirdness & Mutations

You have a pair of horns on your head.
You reflexively headbutt those who attack you in melee.


Message History

The large abomination is severely damaged.
The large abomination hits you but does no damage.
You hit the large abomination.
Lightning courses through the large abomination!
You destroy the large abomination!
Qazlal accepts your kill.
You feel much better.
You feel much better.
Unknown command.
You don't know any spells.
A shadow comes into view.
The shadow misses you.
You slash the shadow! Lightning courses through the shadow!!
You destroy the shadow!
Qazlal accepts your kill.
You hear a bark! x2
A wretched star comes into view.
You hear a bark!
A raiju comes into view.
The raiju bursts into living lightning!
The living lightning hits you!
The raiju blinks! x2
You closely miss the wretched star. You hit the raiju but do no damage.
The wretched star glows turbulently.
The lance of force hits you!!
You are knocked back by the lance of force.
You slam into the stone wall!
* * * LOW HITPOINT WARNING * * *
The raiju is engulfed in blazing flames.
The raiju bites you but does no damage.
The wretched star glows turbulently.
The lance of force is repelled.
You block the raiju's attack.
A raiju comes into view.
You hit the raiju.
You headbutt the raiju, but do no damage.
The raiju is moderately wounded.
You hit the wretched star but do no damage.
The raiju bursts into living lightning!
The living lightning hits the raiju.
The raiju completely resists.
The living lightning hits you!!
You die...

## ## # #.# .#
#.#. #.# .#...h#
#*##....# ##@h##
###.○..# .
##.§.☼##
.###.#.# ##.
..##.# #
####.#.##.# #
#.§....#..#...##
##.. ..##.#.#.
#. .###. .......


You could see a wretched star and 2 raiju.

Vanquished Creatures
  A tentacled starspawn (Abyss:1)
  A catoblepas (D:10)
  3 two-headed ogres
  A wizard (D:9)
  A worldbinder (Abyss:1)
  2 cyclopes (D:11)
  A manticore (D:10)
  Maurice (D:11)
  Psyche (D:11)
  3 trolls
  Prince Ribbit (D:8)
  4 hornets
  2 shadows
  A ynoxinul (Abyss:1)
  A vampire (D:11)
  A wraith (D:11)
  5 yaks (D:10)
  2 wyverns
  A large abomination (Abyss:1)
  2 water moccasins
  An acid dragon (D:9)
  4 black bears
  A sky beast (D:7)
  2 orc warriors
  10 centaurs
  3 wolves (D:9)
  2 phantoms
  2 kobold brigands
  6 bullfrogs
  A necrophage (D:6)
  A scorpion (D:5)
  5 wights (D:7)
  3 small abominations (Abyss:1)
  10 killer bees (D:9)
  4 howler monkeys
  3 electric eels
  A crimson imp (D:9)
  A quasit (Abyss:1)
  5 hounds
  3 jellies
  A gnoll bouda (D:6)
  An orc priest (D:7)
  Terence (D:2)
  Natasha (thrice) (D:4)
  3 iguanas
  9 orc wizards
  Robin (D:3)
  8 adders
  5 gnolls
  A shadow imp (D:4)
  3 ufetubi (D:5)
  A worm (D:3)
  2 dart slugs
  43 orcs
  3 endoplasms
  5 giant cockroaches
  7 hobgoblins
  13 kobolds
  2 quokkas
  8 ball pythons
  A bat (D:1)
  2 frilled lizards (D:3)
  13 goblins
  4 rats
243 creatures vanquished.

Vanquished Creatures (others)
  An orc wizard (D:6)
  2 plants (D:5)
  A starspawn tentacle (Abyss:1)
4 creatures vanquished.

Grand Total: 247 creatures vanquished

Notes
Turn   | Place    | Note
-------+----------+-------------------------------------------
     0 | D:1      | reriks the Minotaur Fighter began the quest for the Orb.
     0 | D:1      | Reached XP level 1. HP: 19/19 MP: 0/0
   178 | D:1      | Reached XP level 2. HP: 25/27 MP: 1/1
   564 | D:1      | Found a faded altar of an unknown god.
   779 | D:2      | Reached skill level 1 in Dodging
   779 | D:2      | Reached XP level 3. HP: 32/33 MP: 2/2
   868 | D:2      | Noticed Terence
   873 | D:2      | Killed Terence
  1159 | D:2      | Reached XP level 4. HP: 40/40 MP: 3/3
  1497 | D:3      | Noticed Robin
  1511 | D:3      | Killed Robin
  1886 | D:3      | Found a stormy altar of Qazlal.
  1894 | D:3      | Became a worshipper of Qazlal Stormbringer
  2131 | D:3      | Reached XP level 5. HP: 6/47 MP: 4/4
  2436 | D:3      | Found a bloodstained altar of Trog.
  2863 | D:4      | Found a runed translucent door.
  2872 | D:4      | Noticed crescentfresh's ghost (amateur OpHW)
  2942 | D:4      | Noticed Natasha
  2950 | D:4      | Killed Natasha
  2951 | D:4      | Reached skill level 1 in Invocations
  2998 | D:4      | Identified the +3 ring mail of Miracles {Regen+ Str+3}
  3215 | D:4      | Found a shimmering blue altar of Sif Muna.
  3411 | D:4      | Found a runed translucent door.
  3507 | D:4      | Identified the +0 ring mail of the Loofah {*Slow Str+4
                  | Dex+2}
  3513 | D:4      | Reached XP level 6. HP: 55/55 MP: 5/5
  3516 | D:4      | Reached * piety under Qazlal
  3557 | D:4      | Noticed Natasha
  3568 | D:4      | Killed Natasha
  3575 | D:4      | Found a glowing silver altar of Zin.
  3581 | D:4      | Found a shimmering altar of Xom.
  3584 | D:4      | Found a hazy altar of Hepliaklqana.
  3647 | D:4      | Noticed Natasha
  3661 | D:4      | Killed Natasha
  3760 | D:5      | Entered Level 5 of the Dungeon
  3765 | D:5      | Reached skill level 5 in Fighting
  3783 | D:5      | Reached skill level 5 in Armour
  3783 | D:5      | Reached skill level 5 in Shields
  3851 | D:5      | Reached XP level 7. HP: 56/61 MP: 7/7
  4007 | D:5      | Found a hide-covered altar of Uskayaw.
  4229 | D:5      | Found a sparkling altar of Nemelex Xobeh.
  4723 | D:6      | Found a staircase to the Ecumenical Temple.
  4731 | D:6      | Reached ** piety under Qazlal
  4760 | D:5      | Reached skill level 5 in Axes
  4760 | D:5      | Reached XP level 8. HP: 22/70 MP: 9/9
  5221 | D:6      | Noticed a two-headed ogre
  5336 | D:6      | Killed a two-headed ogre
  5337 | D:6      | Reached skill level 5 in Dodging
  5405 | D:6      | Found a blossoming altar of Fedhas.
  5513 | D:6      | Reached XP level 9. HP: 78/78 MP: 11/11
  7029 | D:7      | Reached *** piety under Qazlal
  7322 | D:8      | Reached skill level 5 in Invocations
  8045 | D:8      | Found an opulent altar of Gozag.
  8155 | D:8      | Noticed Prince Ribbit
  8168 | D:8      | Killed Prince Ribbit
  8169 | D:8      | Reached XP level 10. HP: 83/88 MP: 11/13
  8446 | D:8      | Found an iron altar of Okawaru.
  8906 | D:9      | Found Figuonod's Antique Armour Emporium.
  8928 | D:9      | Found Metu's Jewellery Boutique.
  9179 | D:9      | Bought an amulet of reflection for 330 gold pieces
  9210 | D:9      | Found a shadowy altar of Dithmenos.
  9303 | D:9      | Found a staircase to the Lair.
  9506 | D:9      | Found Xoiriess's Armour Emporium.
  9525 | D:9      | Found Feybb's General Store.
  9534 | D:9      | Bought a scroll of brand weapon for 123 gold pieces
  9550 | D:9      | Noticed a wizard
  9557 | D:9      | Killed a wizard
  9566 | D:9      | Got the Almanac of Bloody Coordinates
  9671 | D:9      | Found a staircase to the Orcish Mines.
  9825 | D:9      | Found Ogietu's Antique Weapon Shoppe.
 10032 | D:10     | Entered Level 10 of the Dungeon
 10210 | D:10     | Reached **** piety under Qazlal
 10351 | D:10     | Noticed a two-headed ogre
 10360 | D:10     | Killed a two-headed ogre
 10361 | D:10     | Reached XP level 11. HP: 97/97 MP: 14/14
 10416 | D:10     | Noticed a catoblepas
 10649 | D:10     | Killed a catoblepas
 10814 | D:10     | Noticed a two-headed ogre
 10820 | D:10     | Killed a two-headed ogre
 11547 | D:11     | Noticed Erolcha
 11774 | D:11     | Noticed Psyche
 11783 | D:11     | Killed Psyche
 12006 | D:11     | Noticed Maurice
 12287 | D:11     | Killed Maurice
 12288 | D:11     | Reached skill level 10 in Shields
 12642 | D:11     | Reached skill level 10 in Fighting
 12680 | Abyss:1  | Cast into level 1 of the Abyss (Erolcha)
 12684 | Abyss:1  | Reached skill level 10 in Axes
 12684 | Abyss:1  | Reached skill level 10 in Armour
 12684 | Abyss:1  | Reached XP level 12. HP: 108/108 MP: 15/17
 12685 | Abyss:1  | Found a corrupted altar of Lugonu.
 12751 | Abyss:1  | Noticed a bone dragon
 12861 | Abyss:1  | Noticed a tentacled starspawn
 12880 | Abyss:1  | Killed a tentacled starspawn
 12941 | Abyss:1  | Killed from afar by a raiju

Illustrated notes

Levels and vault maps discovered:
D:1:      saegor_arrival_under_anarchy, layout_basic,
          shapermc_ecumenical_altar_mp_highgroup, chequers_serial_rivers_room_a
D:2:      layout_basic, uniq_terence
D:3:      layout_loops_corners, lemuel_round_altar, trog_butcher_becter,
          roderic_roman_lattice, dreamdust_princess_corridor,
          nicolae_elevator_lobby_plus, uniq_robin
D:4:      layout_loops_cross, mainiacjoe_overflow_cross_hatched,
          minmay_overflow_temple_star_quad, ebering_ghost_sewer_f, uniq_natasha
D:5:      layout_loops_cross, nicolae_uskayaw_murder_on_the_dancefloor,
          mainiacjoe_overflow_boulevard
D:6:      layout_cave_pools, mainiacjoe_overflow_tiny_flanked,
          minmay_temple_entry_from_below_b, nicolae_water_bricks, minivault_14
D:7:      layout_loops_cross
D:8:      layout_loops_ring, grunt_gozag_statues, general_overflow_altar,
          kennysheep_small_circle, uniq_prince_ribbit1
D:9:      layout_loops_cross, nicolae_dithmenos_shadow_blocks, erik_lair_island,
          orc_0_dummy, serial_shops, nicolae_shop_trees, nicolae_square_shop,
          nicolae_diamond_shop, nicolae_diamond_shop,
          nicolae_shop_hallway_stairs, lightli_wizard_tower
D:10:     nzn_motion_control, layout_loops_cross
D:11:     layout_basic, uniq_maurice, uniq_erolcha, uniq_psyche
Abyss:1:  base:
D:8

Skill      XL: |  1  2  3  4  5  6  7  8  9 10 11 12 |
---------------+-------------------------------------+-----
Fighting       | 4 5 6 8 9 10 11 | 11.0
Axes           | 3 4 5 6 7 8 10 | 10.5
Armour         | 4 5 6 8 9 10 | 10.9
Dodging        | 1 2 3 5 6 7 9 |  9.5
Shields        | 4 5 6 8 9 10 11 | 11.0
Invocations    | 1 2 4 5 6 8 |  8.3

Action                   |  1- 3 |  4- 6 |  7- 9 | 10-12 || total
-------------------------+-------+-------+-------+-------++-------
Melee: War axe           |    44 |   146 |   168 |   257 ||   615
       Headbutt          |     3 |    18 |    36 |    52 ||   109
       Hand axe          |       |       |    68 |       ||    68
Throw: Boomerang         |       |     8 |    29 |    31 ||    68
Evoke: Wand              |       |       |       |     3 ||     3
  Use: Potion            |       |     1 |     1 |     5 ||     7
       Scroll            |       |     5 |    11 |     9 ||    25
Armor: Scale mail        |    20 |    89 |   120 |    75 ||   304
Dodge: Dodged            |    28 |    84 |   183 |    98 ||   393
       Repelled          |       |       |       |     1 ||     1
Block: Buckler           |    17 |    21 |    99 |   182 ||   319
       Reflection        |       |       |       |    16 ||    16

Table legend: (Time is in decaauts)
 A = Elapsed time spent in this place.
 B = Non-inter-level travel time spent in this place.
 C = Inter-level travel time spent in this place.
 D = Time resting spent in this place.
 E = Time spent auto-exploring this place.
 F = Levels seen in this place.
 G = Mean time per level.
                   A        B        C        D        E       F      G
               +--------+--------+--------+--------+--------+-----+--------+
         Total |  13115 |  12495 |    620 |   4090 |   6412 |  12 | 1092.9 |
       Dungeon |  12853 |  12233 |    620 |   3985 |   6412 |  11 | 1168.5 |
         Abyss |    262 |    262 |      0 |    105 |      0 |   1 |  262.0 |
               +--------+--------+--------+--------+--------+-----+--------+

Top non-repeatable levels by time:
     D:3: 1479 daAuts
     D:8: 1401 daAuts
     D:5: 1382 daAuts
    D:11: 1354 daAuts
     D:9: 1347 daAuts
    D:10: 1310 daAuts
     D:6: 1097 daAuts
     D:7: 1094 daAuts
     D:4: 1057 daAuts
     D:1: 783 daAuts
     D:2: 542 daAuts
 Abyss:1: 262 daAuts
